RedWings vs Oilers

Created - 22 février 2018 at 18:28

Goals
1 2 3 T
RedWings 0 0 0 0
Oilers 0 2 3 5
Shots
1 2 3 T
RedWings 14 11 7 32
Oilers 12 22 11 45

1st period

No Goal

Penalties :
Marc Methot (EDM) for Interference (Minor) at 8:19, Brock McGinn (EDM) for Roughing (Minor) at 18:56

2nd period

1. Oilers , Brad Marchand 56 (Aleksander Barkov 35, Ryan Getzlaf 61) at 5:45 (PP)
2. Oilers , Aleksander Barkov 27 (Michael Grabner 20, Michael Matheson 16) at 7:13

Penalties :
Dennis Seidenberg (DET) for High sticking (Minor) at 5:19, Ben Lovejoy (DET) for Roughing (Minor) at 8:04, Jonathan Drouin (DET) for Hooking (Minor) at 15:38, Kris Russell (DET) for Tripping (Minor) at 19:27

3rd period

3. Oilers , Ryan Getzlaf 28 (Brad Marchand 53, Brent Burns 42) at 12:14
4. Oilers , Brad Marchand 57 (Ryan Getzlaf 62, Marc-Edouard Vlasic 35) at 12:51
5. Oilers , Aleksander Barkov 28 (Michael Grabner 21) at 18:29

Penalties :
John Gibson (DET) for Slashing (Minor) at 18:58 - Dennis Seidenberg served the penalty.

Goalie Stats

John Gibson (DET), 40 saves from 45 shots - (0.889), L, 13-9-0, 60:00 minutes
Martin Jones (EDM), 32 saves from 32 shots - (1.000), W, 30-9-5, 60:00 minutes

Players Stats for RedWings

Player Name              G  A  P  +/- PIM S  H  SB GA TA FO     MP     PP MP  PK MP  
------------------------------------------------------------------------------------
Andrew Cogliano          0  0  0   0  0   0  0  0  0  0  0/0     2:12   0:00   2:12 
Ben Lovejoy              0  0  0  -2  2   0  0  1  0  0  0/0    22:53   1:08   3:03 
David Pastrnak           0  0  0   0  0   4  1  0  0  0  2/5    21:19   2:28   1:13 
Dennis Seidenberg        0  0  0  -1  2   0  3  1  0  0  0/0    19:17   0:41   2:25 
Eric Gryba               0  0  0  -1  0   0  2  0  0  0  0/0    16:29   2:28   0:18 
Erik Haula               0  0  0  -2  0   3  1  0  0  0  20/35  20:38   0:00   3:39 
Filip Forsberg           0  0  0   0  0   3  0  0  0  0  0/0    19:19   1:30   0:11 
Jonathan Drouin          0  0  0  -2  2   2  1  0  0  0  1/2    15:34   1:30   0:00 
Kris Russell             0  0  0  -1  2   0  0  3  0  0  0/0    19:45   0:22   3:12 
Loui Eriksson            0  0  0  -2  0   1  1  0  0  0  0/3    21:30   2:28   5:01 
Micheal Ferland          0  0  0  -1  0   1  1  0  0  0  0/0     6:20   0:00   0:00 
Nick Jensen              0  0  0  -1  0   1  0  1  0  0  0/0    13:43   0:00   0:00 
Paul Martin              0  0  0  -2  0   0  0  1  0  0  0/0    23:27   1:47   2:57 
Ryan Hartman             0  0  0  -1  0   3  0  0  0  0  0/0    10:59   0:00   0:00 
Sam Gagner               0  0  0  -2  0   4  1  0  0  0  11/24  16:09   2:28   0:00 
Sean Monahan             0  0  0   0  0   2  0  0  0  0  15/28  21:20   1:30   2:12 
Thomas Hickey            0  0  0   0  0   0  1  0  0  0  0/0     4:23   1:30   2:53 
Tyler Toffoli            0  0  0  -2  0   8  1  0  0  0  0/1    17:15   0:00   0:20 

Players Stats for Oilers

Player Name              G  A  P  +/- PIM S  H  SB GA TA FO     MP     PP MP  PK MP  
------------------------------------------------------------------------------------
Aleksander Barkov        2  1  3   2  0   8  1  1  0  0  18/25  18:23   4:47   0:00 
Brad Marchand            2  1  3   2  0   6  2  0  0  0  1/3    24:43   4:47   0:00 
Brent Burns              0  1  1   2  0   8  3  2  0  0  0/0    23:26   4:45   0:00 
Brett Ritchie            0  0  0   0  0   0  1  0  0  0  0/0     4:23   0:00   0:00 
Brock McGinn             0  0  0   0  2   0  3  0  0  0  0/0    15:05   0:00   0:00 
Chad Ruhwedel            0  0  0   0  0   1  0  1  0  0  0/0    16:22   0:00   0:25 
Dominic Moore            0  0  0   0  0   0  0  0  0  0  6/10    6:28   0:00   2:05 
Emerson Etem             0  0  0   0  0   0  0  0  0  0  0/0     0:00   0:00   0:00 
Jannik Hansen            0  0  0   0  0   6  1  0  0  0  0/0    16:59   0:00   1:53 
Justin Williams          0  0  0   2  0   5  3  0  0  0  0/0    18:30   2:37   0:00 
Marc Methot              0  0  0   0  2   0  2  3  0  0  0/0    18:31   2:39   0:47 
Marc-Edouard Vlasic      0  1  1   2  0   2  1  0  0  0  0/0    22:04   4:45   2:28 
Michael Grabner          0  2  2   2  0   3  0  0  0  0  0/2    15:21   0:00   2:05 
Michael Matheson         0  1  1   2  0   0  1  2  0  0  0/0    19:47   0:00   1:57 
Reilly Smith             0  0  0   2  0   2  1  0  0  0  0/0    15:53   2:37   0:00 
Ron Hainsey              0  0  0   2  0   0  2  0  0  0  0/0    19:49   2:39   2:19 
Ryan Getzlaf             1  2  3   2  0   2  0  1  0  0  12/31  20:40   4:47   0:00 
Ryan Johansen            0  0  0   0  0   2  2  0  0  0  12/27  19:36   2:37   1:53 

3 Stars

1 - Martin Jones (EDM)
2 - Brad Marchand (EDM)
3 - Aleksander Barkov (EDM)

Power Play

RedWings - 0 on 2 Attempt(s) - 0.00%
Oilers - 1 on 5 Attempt(s) - 20.00%

Penalty Kill

RedWings - 4 on 5 Attempt(s) - 80.00% - Score 0 goal in Penalty Kill
Oilers - 2 on 2 Attempt(s) - 100.00% - Score 0 goal in Penalty Kill

Team Stat

RedWings - Hits : 13 - Faceoff Wins : 49 - Blocked Shots : 7 - Penalty Minutes : 10
Oilers - Hits : 23 - Faceoff Wins : 49 - Blocked Shots : 10 - Penalty Minutes : 4

Official

Referees : Graham Skiliter and Ian Walsh
Linesman : Steve Miller and Brian Mach

Game Notes

No Game Note

Finance

Level 1 -- Attendance: 5766 (88.71%) -- Ticket Income 536 238 $
Level 2 -- Attendance: 4522 (90.44%) -- Ticket Income 330 106 $
Level 3 -- Attendance: 2669 (76.26%) -- Ticket Income 173 485 $
Level 4 -- Attendance: 839 (100.00%) -- Ticket Income 52 018 $
Luxury Box -- Attendance: 875 (87.50%) -- Ticket Income 170 625 $
Game was played at the Rexall Place.
Total Attendance: 14671 (87.13%)
Total Ticket Income: 1 262 472 $
Other Income: 189 371 $
Total Income: 1 451 843 $

% Time on Ice - RedWings

Lines # - Real PCT - Wanted PCT - Time Play
Normal Forward
1 - 36% - 40% - 17:38
2 - 28% - 30% - 13:41
3 - 23% - 20% - 10:59
4 - 13% - 10% - 6:20
Normal Defense
1 - 37% - 40% - 18:07
2 - 33% - 30% - 16:12
3 - 28% - 20% - 13:43
4 - 1% - 10% - 0:36
PP Forward
1 - 62% - 60% - 2:28
2 - 38% - 40% - 1:30
PP Defense
1 - 62% - 60% - 2:28
2 - 38% - 40% - 1:30
PK Forward
1 - 70% - 60% - 5:12
2 - 30% - 40% - 2:12
PK Defense
1 - 60% - 60% - 4:27
2 - 40% - 40% - 2:57
PK3 Forward
1 - 0% - 60%
2 - 0% - 40%
PK3 Defense
1 - 0% - 60%
2 - 0% - 40%
44 Forward
1 - 0% - 60%
2 - 0% - 40%
44 Defense
1 - 0% - 60%
2 - 0% - 40%
Last Minute Offensive  - 0:00
Last Minute Defensive  - 0:00
Total
Forward - 60:00
Defense - 60:00

% Time on Ice - Oilers

Lines # - Real PCT - Wanted PCT - Time Play
Normal Forward
1 - 33% - 36% - 15:53
2 - 27% - 31% - 13:16
3 - 31% - 28% - 15:06
4 - 9% - 5% - 4:23
Normal Defense
1 - 37% - 37% - 17:50
2 - 31% - 33% - 14:51
3 - 31% - 30% - 15:06
4 - 2% - 0% - 0:51
PP Forward
1 - 65% - 65% - 4:47
2 - 35% - 35% - 2:37
PP Defense
1 - 64% - 65% - 4:45
2 - 36% - 35% - 2:39
PK Forward
1 - 53% - 50% - 2:05
2 - 47% - 50% - 1:53
PK Defense
1 - 60% - 50% - 2:22
2 - 40% - 50% - 1:36
PK3 Forward
1 - 0% - 50%
2 - 0% - 50%
PK3 Defense
1 - 0% - 50%
2 - 0% - 50%
44 Forward
1 - 0% - 50%
2 - 0% - 50%
44 Defense
1 - 0% - 50%
2 - 0% - 50%
Last Minute Offensive  - 0:00
Last Minute Defensive  - 0:00
Total
Forward - 60:00
Defense - 60:00

Play by Play

1st period


0:01 of 1st period - Sean Monahan wins face-off versus Ryan Getzlaf in neutral zone.
0:04 of 1st period - Shot by Filip Forsberg.
0:04 of 1st period - Shot Misses the Net.
0:12 of 1st period - Shot by Brad Marchand.
0:12 of 1st period - Shot Misses the Net.
0:14 of 1st period - Shot by Ryan Getzlaf.
0:14 of 1st period - Shot Misses the Net.
0:16 of 1st period - Shot by Brent Burns.
0:16 of 1st period - Shot Misses the Net.
0:30 of 1st period - Shot by Brad Marchand.
0:30 of 1st period - Deflect By Justin Williams.
0:30 of 1st period - Stopped by John Gibson without a rebound.
0:31 of 1st period - Aleksander Barkov wins face-off versus Sam Gagner in RedWings zone.
1:00 of 1st period - Shot by Reilly Smith.
1:00 of 1st period - Shot Misses the Net.
1:02 of 1st period - Shot by Michael Grabner.
1:02 of 1st period - Stopped by John Gibson without a rebound.
1:03 of 1st period - Ryan Johansen wins face-off versus Erik Haula in RedWings zone.
1:32 of 1st period - Shot by Jannik Hansen.
1:32 of 1st period - Stopped by John Gibson without a rebound.
1:33 of 1st period - Dominic Moore wins face-off versus Sean Monahan in RedWings zone.
1:58 of 1st period - Shot by Sean Monahan.
1:58 of 1st period - Deflect By Filip Forsberg.
1:58 of 1st period - Stopped by Martin Jones without a rebound.
1:59 of 1st period - Aleksander Barkov wins face-off versus Loui Eriksson in Oilers zone.
1:59 of 1st period - Marc-Edouard Vlasic is hit by Loui Eriksson.
2:12 of 1st period - Jonathan Drouin is hit by Marc-Edouard Vlasic.
2:18 of 1st period - Shot by Loui Eriksson.
2:18 of 1st period - Stopped by Martin Jones without a rebound.
2:19 of 1st period - Erik Haula wins face-off versus Ryan Getzlaf in Oilers zone.
2:22 of 1st period - Shot by Tyler Toffoli.
2:22 of 1st period - Stopped by Martin Jones without a rebound.
2:23 of 1st period - Erik Haula wins face-off versus Ryan Getzlaf in Oilers zone.
2:23 of 1st period - Erik Haula is hit by Marc Methot.
2:46 of 1st period - Shot by Justin Williams.
2:46 of 1st period - Stopped by John Gibson without a rebound.
2:47 of 1st period - Sean Monahan wins face-off versus Ryan Johansen in RedWings zone.
2:47 of 1st period - Sean Monahan is hit by Brock McGinn.
2:53 of 1st period - Shot by Filip Forsberg.
2:53 of 1st period - Stopped by Martin Jones without a rebound.
2:54 of 1st period - Sean Monahan wins face-off versus Ryan Johansen in Oilers zone.
2:57 of 1st period - Shot by David Pastrnak.
2:57 of 1st period - Shot Hit the Post.
3:05 of 1st period - Shot by Jannik Hansen.
3:05 of 1st period - Stopped by John Gibson without a rebound.
3:06 of 1st period - Erik Haula wins face-off versus Ryan Getzlaf in RedWings zone.
3:19 of 1st period - Shot by Erik Haula.
3:19 of 1st period - Stopped by Martin Jones without a rebound.
3:20 of 1st period - Aleksander Barkov wins face-off versus Sam Gagner in Oilers zone.
3:41 of 1st period - Icing by Marc-Edouard Vlasic.
3:42 of 1st period - Aleksander Barkov wins face-off versus Sean Monahan in Oilers zone.
4:20 of 1st period - Shot by Sean Monahan.
4:20 of 1st period - Stopped by Martin Jones without a rebound.
4:21 of 1st period - Erik Haula wins face-off versus Ryan Johansen in Oilers zone.
4:25 of 1st period - Icing by Marc Methot.
4:26 of 1st period - Sam Gagner wins face-off versus Ryan Johansen in Oilers zone.
5:35 of 1st period - Shot by Ryan Getzlaf.
5:35 of 1st period - Shot Misses the Net.
5:37 of 1st period - Shot by Ryan Getzlaf.
5:37 of 1st period - Shot Blocked by Kris Russell.
5:39 of 1st period - Shot by Brad Marchand.
5:39 of 1st period - Shot Misses the Net.
5:44 of 1st period - Icing by Dennis Seidenberg.
5:45 of 1st period - Aleksander Barkov wins face-off versus Sam Gagner in RedWings zone.
5:48 of 1st period - Shot by Aleksander Barkov.
5:48 of 1st period - Shot Misses the Net.
5:50 of 1st period - Shot by Aleksander Barkov.
5:50 of 1st period - Stopped by John Gibson without a rebound.
5:51 of 1st period - Sean Monahan wins face-off versus Michael Grabner in RedWings zone.
6:13 of 1st period - Shot by Aleksander Barkov.
6:13 of 1st period - Stopped by John Gibson without a rebound.
6:14 of 1st period - Erik Haula wins face-off versus Ryan Getzlaf in RedWings zone.
6:14 of 1st period - Erik Haula is hit by Justin Williams.
6:40 of 1st period - Shot by Erik Haula.
6:40 of 1st period - Shot Misses the Net.
6:42 of 1st period - Shot by Tyler Toffoli.
6:42 of 1st period - Deflect By Ryan Hartman.
6:42 of 1st period - Stopped by Martin Jones without a rebound.
6:43 of 1st period - Ryan Johansen wins face-off versus Sean Monahan in Oilers zone.
6:52 of 1st period - Shot by Jannik Hansen.
6:52 of 1st period - Stopped by John Gibson without a rebound.
6:53 of 1st period - Sean Monahan wins face-off versus Aleksander Barkov in RedWings zone.
6:53 of 1st period - Sean Monahan is hit by Reilly Smith.
7:05 of 1st period - Shot by Filip Forsberg.
7:05 of 1st period - Shot Misses the Net.
7:15 of 1st period - Shot by Aleksander Barkov.
7:15 of 1st period - Stopped by John Gibson without a rebound.
7:16 of 1st period - Erik Haula wins face-off versus Ryan Getzlaf in RedWings zone.
7:34 of 1st period - Ryan Getzlaf is hit by Micheal Ferland and loses puck.
7:46 of 1st period - Shot by Tyler Toffoli.
7:46 of 1st period - Shot Misses the Net.
7:48 of 1st period - Shot by Nick Jensen.
7:48 of 1st period - Stopped by Martin Jones without a rebound.
7:49 of 1st period - Sean Monahan wins face-off versus Ryan Johansen in Oilers zone.
7:50 of 1st period - Shot by David Pastrnak.
7:50 of 1st period - Stopped by Martin Jones without a rebound.
7:51 of 1st period - Ryan Johansen wins face-off versus David Pastrnak in Oilers zone.
8:10 of 1st period - Shot by Filip Forsberg.
8:10 of 1st period - Shot Blocked by Chad Ruhwedel.
8:12 of 1st period - Shot by Paul Martin.
8:12 of 1st period - Shot Misses the Net.
8:14 of 1st period - Shot by Ben Lovejoy.
8:14 of 1st period - Shot Blocked by Marc Methot.
8:19 of 1st period - Minor Penalty to Marc Methot for Interference.
8:20 of 1st period - Dominic Moore wins face-off versus Sam Gagner in Oilers zone.
8:55 of 1st period - Michael Matheson is hit by Sam Gagner and loses puck.
9:31 of 1st period - Icing by Sean Monahan.
9:32 of 1st period - Sean Monahan wins face-off versus Dominic Moore in RedWings zone.
9:56 of 1st period - Off-side.
9:57 of 1st period - Ryan Johansen wins face-off versus Sam Gagner in neutral zone.
10:35 of 1st period - Icing by Tyler Toffoli.
10:36 of 1st period - Erik Haula wins face-off versus Michael Grabner in RedWings zone.
12:13 of 1st period - Shot by Jannik Hansen.
12:13 of 1st period - Stopped by John Gibson without a rebound.
12:14 of 1st period - Aleksander Barkov wins face-off versus Sean Monahan in RedWings zone.
12:21 of 1st period - Shot by Michael Grabner.
12:21 of 1st period - Shot Misses the Net.
12:46 of 1st period - Shot by David Pastrnak.
12:46 of 1st period - Shot Misses the Net.
12:48 of 1st period - Shot by David Pastrnak.
12:48 of 1st period - Stopped by Martin Jones with a rebound.
12:50 of 1st period - Shot by David Pastrnak.
12:50 of 1st period - Shot Blocked by Brent Burns.
15:00 of 1st period - Shot by Jonathan Drouin.
15:00 of 1st period - Stopped by Martin Jones without a rebound.
15:01 of 1st period - Dominic Moore wins face-off versus Loui Eriksson in Oilers zone.
15:14 of 1st period - Shot by Dominic Moore.
15:14 of 1st period - Shot Misses the Net.
15:16 of 1st period - Shot by Marc Methot.
15:16 of 1st period - Shot Blocked by Kris Russell.
15:18 of 1st period - Shot by Dominic Moore.
15:18 of 1st period - Shot Misses the Net.
15:20 of 1st period - Shot by Chad Ruhwedel.
15:20 of 1st period - Stopped by John Gibson without a rebound.
15:21 of 1st period - Ryan Johansen wins face-off versus Erik Haula in RedWings zone.
15:44 of 1st period - Shot by Micheal Ferland.
15:44 of 1st period - Stopped by Martin Jones without a rebound.
15:45 of 1st period - Aleksander Barkov wins face-off versus Sam Gagner in Oilers zone.
15:55 of 1st period - Shot by Sam Gagner.
15:55 of 1st period - Stopped by Martin Jones without a rebound.
15:56 of 1st period - Dominic Moore wins face-off versus Sean Monahan in Oilers zone.
17:03 of 1st period - Shot by Tyler Toffoli.
17:03 of 1st period - Shot Misses the Net.
17:15 of 1st period - Shot by Tyler Toffoli.
17:15 of 1st period - Stopped by Martin Jones without a rebound.
17:16 of 1st period - Aleksander Barkov wins face-off versus Sam Gagner in Oilers zone.
17:33 of 1st period - Shot by Aleksander Barkov.
17:33 of 1st period - Shot Misses the Net.
17:35 of 1st period - Shot by Michael Grabner.
17:35 of 1st period - Shot Misses the Net.
17:37 of 1st period - Shot by Aleksander Barkov.
17:37 of 1st period - Stopped by John Gibson without a rebound.
17:38 of 1st period - Ryan Getzlaf wins face-off versus Erik Haula in RedWings zone.
18:19 of 1st period - Shot by Brad Marchand.
18:19 of 1st period - Shot Misses the Net.
18:26 of 1st period - Icing by Paul Martin.
18:27 of 1st period - Erik Haula wins face-off versus Aleksander Barkov in RedWings zone.
18:45 of 1st period - Shot by Aleksander Barkov.
18:45 of 1st period - Shot Misses the Net.
18:54 of 1st period - Icing by Paul Martin.
18:55 of 1st period - Erik Haula wins face-off versus Ryan Johansen in RedWings zone.
18:55 of 1st period - Micheal Ferland is hit by Ryan Johansen and loses puck.
18:56 of 1st period - Minor Penalty to Brock McGinn for Roughing.
18:57 of 1st period - Ryan Johansen wins face-off versus Sam Gagner in Oilers zone.
Goals for this period are 0 for RedWings vs 0 for Oilers.
Shots for this period are 14 for RedWings vs 12 for Oilers.

2nd period


0:01 of 2nd period - Sam Gagner wins face-off versus Dominic Moore in neutral zone.
0:10 of 2nd period - Shot by David Pastrnak.
0:10 of 2nd period - Stopped by Martin Jones without a rebound.
0:11 of 2nd period - Jonathan Drouin wins face-off versus Ryan Johansen in Oilers zone.
0:23 of 2nd period - Shot by Filip Forsberg.
0:23 of 2nd period - Shot Blocked by Michael Matheson.
0:25 of 2nd period - Shot by Ben Lovejoy.
0:25 of 2nd period - Shot Misses the Net.
0:27 of 2nd period - Shot by Sean Monahan.
0:27 of 2nd period - Stopped by Martin Jones without a rebound.
0:28 of 2nd period - Sam Gagner wins face-off versus Dominic Moore in Oilers zone.
0:55 of 2nd period - Shot by Paul Martin.
0:55 of 2nd period - Shot Misses the Net.
0:57 of 2nd period - Shot by Ryan Hartman.
0:57 of 2nd period - Shot Misses the Net.
1:18 of 2nd period - Shot by Ryan Hartman.
1:18 of 2nd period - Stopped by Martin Jones without a rebound.
1:19 of 2nd period - Sean Monahan wins face-off versus Ryan Johansen in Oilers zone.
1:24 of 2nd period - Shot by David Pastrnak.
1:24 of 2nd period - Stopped by Martin Jones without a rebound.
1:25 of 2nd period - Sam Gagner wins face-off versus Ryan Johansen in Oilers zone.
1:26 of 2nd period - Shot by Jonathan Drouin.
1:26 of 2nd period - Stopped by Martin Jones without a rebound.
1:27 of 2nd period - Ryan Getzlaf wins face-off versus Sean Monahan in Oilers zone.
1:31 of 2nd period - Off-side.
1:32 of 2nd period - Sean Monahan wins face-off versus Brad Marchand in neutral zone.
1:39 of 2nd period - Shot by Filip Forsberg.
1:39 of 2nd period - Stopped by Martin Jones without a rebound.
1:40 of 2nd period - Ryan Johansen wins face-off versus David Pastrnak in Oilers zone.
1:40 of 2nd period - Ryan Johansen is hit by David Pastrnak.
2:44 of 2nd period - Shot by Sam Gagner.
2:44 of 2nd period - Stopped by Martin Jones without a rebound.
2:45 of 2nd period - Erik Haula wins face-off versus Aleksander Barkov in Oilers zone.
2:50 of 2nd period - Shot by Tyler Toffoli.
2:50 of 2nd period - Stopped by Martin Jones with a rebound.
3:00 of 2nd period - Shot by Aleksander Barkov.
3:00 of 2nd period - Stopped by John Gibson without a rebound.
3:01 of 2nd period - Sam Gagner wins face-off versus Ryan Getzlaf in RedWings zone.
3:03 of 2nd period - Icing by Jonathan Drouin.
3:04 of 2nd period - Ryan Getzlaf wins face-off versus Sam Gagner in RedWings zone.
3:14 of 2nd period - Ryan Getzlaf is hit by Eric Gryba and loses puck.
3:22 of 2nd period - Brad Marchand is hit by Eric Gryba and loses puck.
4:33 of 2nd period - Shot by David Pastrnak.
4:33 of 2nd period - Shot Blocked by Aleksander Barkov.
4:47 of 2nd period - Shot by Erik Haula.
4:47 of 2nd period - Stopped by Martin Jones without a rebound.
4:48 of 2nd period - Erik Haula wins face-off versus Ryan Johansen in Oilers zone.
5:19 of 2nd period - Minor Penalty to Dennis Seidenberg for High sticking.
5:20 of 2nd period - Brad Marchand wins face-off versus Erik Haula in RedWings zone.
5:43 of 2nd period - Shot by Aleksander Barkov.
5:43 of 2nd period - Deflect By Brad Marchand.
5:43 of 2nd period - Shot Misses the Net.
5:45 of 2nd period - Shot by Brad Marchand.
5:45 of 2nd period - Goal by Brad Marchand - RedWings : 0 - Oilers : 1.
5:46 of 2nd period - Ryan Johansen wins face-off versus Sean Monahan in neutral zone.
6:55 of 2nd period - Shot by Brad Marchand.
6:55 of 2nd period - Stopped by John Gibson without a rebound.
6:56 of 2nd period - Sam Gagner wins face-off versus Aleksander Barkov in RedWings zone.
7:05 of 2nd period - Shot by Reilly Smith.
7:05 of 2nd period - Stopped by John Gibson with a rebound.
7:07 of 2nd period - Shot by Michael Matheson.
7:07 of 2nd period - Shot Blocked by Paul Martin.
7:09 of 2nd period - Shot by Michael Matheson.
7:09 of 2nd period - Deflect By Aleksander Barkov.
7:09 of 2nd period - Stopped by John Gibson with a rebound.
7:11 of 2nd period - Shot by Michael Grabner.
7:11 of 2nd period - Deflect By Aleksander Barkov.
7:11 of 2nd period - Shot Blocked by Ben Lovejoy.
7:13 of 2nd period - Shot by Aleksander Barkov.
7:13 of 2nd period - Goal by Aleksander Barkov - RedWings : 0 - Oilers : 2.
7:14 of 2nd period - Erik Haula wins face-off versus Ryan Getzlaf in neutral zone.
7:21 of 2nd period - Shot by Ryan Hartman.
7:21 of 2nd period - Stopped by Martin Jones with a rebound.
7:51 of 2nd period - Shot by Justin Williams.
7:51 of 2nd period - Stopped by John Gibson without a rebound.
7:52 of 2nd period - Aleksander Barkov wins face-off versus Sam Gagner in RedWings zone.
7:53 of 2nd period - Shot by Brent Burns.
7:53 of 2nd period - Stopped by John Gibson without a rebound.
7:54 of 2nd period - Aleksander Barkov wins face-off versus Sam Gagner in RedWings zone.
8:03 of 2nd period - Shot by Brent Burns.
8:03 of 2nd period - Shot Misses the Net.
8:04 of 2nd period - Minor Penalty to Ben Lovejoy for Roughing.
8:05 of 2nd period - Ryan Getzlaf wins face-off versus Erik Haula in RedWings zone.
8:05 of 2nd period - Brent Burns is hit by Thomas Hickey and loses puck.
8:08 of 2nd period - Shot by Marc-Edouard Vlasic.
8:08 of 2nd period - Stopped by John Gibson without a rebound.
8:09 of 2nd period - Ryan Getzlaf wins face-off versus Erik Haula in RedWings zone.
8:30 of 2nd period - Shot by Brent Burns.
8:30 of 2nd period - Stopped by John Gibson without a rebound.
8:31 of 2nd period - Ryan Johansen wins face-off versus Erik Haula in RedWings zone.
9:21 of 2nd period - Icing by Aleksander Barkov.
9:22 of 2nd period - Sean Monahan wins face-off versus Ryan Getzlaf in Oilers zone.
9:39 of 2nd period - Shot by Brad Marchand.
9:39 of 2nd period - Shot Misses the Net.
9:41 of 2nd period - Shot by Brent Burns.
9:41 of 2nd period - Stopped by John Gibson without a rebound.
9:42 of 2nd period - Ryan Getzlaf wins face-off versus Sean Monahan in RedWings zone.
9:59 of 2nd period - Shot by Brad Marchand.
9:59 of 2nd period - Stopped by John Gibson without a rebound.
10:00 of 2nd period - Ryan Johansen wins face-off versus David Pastrnak in RedWings zone.
11:18 of 2nd period - David Pastrnak is hit by Brent Burns and loses puck.
11:31 of 2nd period - Shot by Justin Williams.
11:31 of 2nd period - Stopped by John Gibson with a rebound.
11:33 of 2nd period - Shot by Justin Williams.
11:33 of 2nd period - Shot Blocked by Dennis Seidenberg.
11:56 of 2nd period - Shot by Aleksander Barkov.
11:56 of 2nd period - Shot Blocked by Kris Russell.
11:58 of 2nd period - Shot by Marc-Edouard Vlasic.
11:58 of 2nd period - Stopped by John Gibson with a rebound.
12:12 of 2nd period - Shot by Michael Grabner.
12:12 of 2nd period - Stopped by John Gibson without a rebound.
12:13 of 2nd period - Sam Gagner wins face-off versus Dominic Moore in RedWings zone.
12:37 of 2nd period - Marc Methot is hit by Jonathan Drouin and loses puck.
13:48 of 2nd period - Icing by Eric Gryba.
13:49 of 2nd period - Sean Monahan wins face-off versus Aleksander Barkov in RedWings zone.
14:59 of 2nd period - Ben Lovejoy is hit by Brad Marchand and loses puck.
15:13 of 2nd period - Icing by Ben Lovejoy.
15:14 of 2nd period - Erik Haula wins face-off versus Ryan Johansen in RedWings zone.
15:27 of 2nd period - Shot by Jannik Hansen.
15:27 of 2nd period - Shot Misses the Net.
15:29 of 2nd period - Shot by Ryan Johansen.
15:29 of 2nd period - Stopped by John Gibson without a rebound.
15:30 of 2nd period - Aleksander Barkov wins face-off versus Jonathan Drouin in RedWings zone.
15:38 of 2nd period - Minor Penalty to Jonathan Drouin for Hooking.
15:39 of 2nd period - Ryan Johansen wins face-off versus Tyler Toffoli in RedWings zone.
15:58 of 2nd period - Shot by Brent Burns.
15:58 of 2nd period - Stopped by John Gibson without a rebound.
15:59 of 2nd period - Erik Haula wins face-off versus Ryan Getzlaf in RedWings zone.
16:26 of 2nd period - Shot by Brad Marchand.
16:26 of 2nd period - Stopped by John Gibson with a rebound.
16:28 of 2nd period - Shot by Ryan Getzlaf.
16:28 of 2nd period - Stopped by John Gibson without a rebound.
16:29 of 2nd period - Sean Monahan wins face-off versus Ryan Johansen in RedWings zone.
16:29 of 2nd period - Sean Monahan is hit by Justin Williams.
16:41 of 2nd period - Shot by Brent Burns.
16:41 of 2nd period - Stopped by John Gibson without a rebound.
16:42 of 2nd period - David Pastrnak wins face-off versus Ryan Getzlaf in RedWings zone.
17:01 of 2nd period - Shot by Marc-Edouard Vlasic.
17:01 of 2nd period - Shot Misses the Net.
17:21 of 2nd period - Shot by Brent Burns.
17:21 of 2nd period - Stopped by John Gibson without a rebound.
17:22 of 2nd period - Sean Monahan wins face-off versus Ryan Johansen in RedWings zone.
17:22 of 2nd period - Sean Monahan is hit by Justin Williams.
18:01 of 2nd period - Shot by Chad Ruhwedel.
18:01 of 2nd period - Shot Blocked by Nick Jensen.
18:22 of 2nd period - Loui Eriksson is hit by Brock McGinn and loses puck.
18:37 of 2nd period - Shot by Brad Marchand.
18:37 of 2nd period - Shot Misses the Net.
18:39 of 2nd period - Shot by Justin Williams.
18:39 of 2nd period - Stopped by John Gibson without a rebound.
18:40 of 2nd period - Aleksander Barkov wins face-off versus Erik Haula in RedWings zone.
18:53 of 2nd period - Shot by Tyler Toffoli.
18:53 of 2nd period - Stopped by Martin Jones without a rebound.
18:54 of 2nd period - Erik Haula wins face-off versus Ryan Getzlaf in Oilers zone.
18:54 of 2nd period - Erik Haula is hit by Brent Burns.
19:27 of 2nd period - Minor Penalty to Kris Russell for Tripping.
19:28 of 2nd period - David Pastrnak wins face-off versus Ryan Getzlaf in RedWings zone.
19:28 of 2nd period - David Pastrnak is hit by Aleksander Barkov.
Goals for this period are 0 for RedWings vs 2 for Oilers.
Shots for this period are 11 for RedWings vs 22 for Oilers.

3rd period


0:01 of 3rd period - Ryan Getzlaf wins face-off versus Erik Haula in neutral zone.
2:32 of 3rd period - Tyler Toffoli is hit by Brett Ritchie and loses puck.
2:37 of 3rd period - Shot by Tyler Toffoli.
2:37 of 3rd period - Stopped by Martin Jones without a rebound.
2:38 of 3rd period - Aleksander Barkov wins face-off versus Sean Monahan in Oilers zone.
2:56 of 3rd period - Icing by Paul Martin.
2:57 of 3rd period - Sean Monahan wins face-off versus Ryan Getzlaf in RedWings zone.
3:07 of 3rd period - Icing by Chad Ruhwedel.
3:08 of 3rd period - Erik Haula wins face-off versus Ryan Getzlaf in Oilers zone.
3:15 of 3rd period - Marc Methot is hit by Tyler Toffoli and loses puck.
3:38 of 3rd period - Shot by Ryan Hartman.
3:38 of 3rd period - Shot Blocked by Ryan Getzlaf.
5:07 of 3rd period - Shot by Brock McGinn.
5:07 of 3rd period - Deflect By Ryan Johansen.
5:07 of 3rd period - Shot Misses the Net.
5:13 of 3rd period - Shot by Jannik Hansen.
5:13 of 3rd period - Shot Misses the Net.
5:15 of 3rd period - Shot by Brent Burns.
5:15 of 3rd period - Stopped by John Gibson without a rebound.
5:16 of 3rd period - Sam Gagner wins face-off versus Brad Marchand in RedWings zone.
5:42 of 3rd period - Shot by Sam Gagner.
5:42 of 3rd period - Stopped by Martin Jones without a rebound.
5:43 of 3rd period - Aleksander Barkov wins face-off versus Erik Haula in Oilers zone.
5:53 of 3rd period - Shot by Tyler Toffoli.
5:53 of 3rd period - Stopped by Martin Jones with a rebound.
5:55 of 3rd period - Shot by Erik Haula.
5:55 of 3rd period - Stopped by Martin Jones without a rebound.
5:56 of 3rd period - Erik Haula wins face-off versus Ryan Johansen in Oilers zone.
5:56 of 3rd period - Tyler Toffoli is hit by Marc Methot and loses puck.
7:17 of 3rd period - Shot by Jonathan Drouin.
7:17 of 3rd period - Deflect By Sam Gagner.
7:17 of 3rd period - Stopped by Martin Jones with a rebound.
7:20 of 3rd period - Icing by Marc-Edouard Vlasic.
7:21 of 3rd period - Sam Gagner wins face-off versus Ryan Getzlaf in Oilers zone.
8:01 of 3rd period - Icing by Brent Burns.
8:02 of 3rd period - Sean Monahan wins face-off versus Aleksander Barkov in Oilers zone.
8:03 of 3rd period - Shot by David Pastrnak.
8:03 of 3rd period - Shot Misses the Net.
8:58 of 3rd period - Ben Lovejoy is hit by Jannik Hansen and loses puck.
9:07 of 3rd period - Shot by Ryan Johansen.
9:07 of 3rd period - Stopped by John Gibson without a rebound.
9:08 of 3rd period - Sam Gagner wins face-off versus Ryan Getzlaf in RedWings zone.
9:27 of 3rd period - Icing by Brad Marchand.
9:28 of 3rd period - Erik Haula wins face-off versus Ryan Getzlaf in Oilers zone.
9:29 of 3rd period - Shot by Tyler Toffoli.
9:29 of 3rd period - Stopped by Martin Jones without a rebound.
9:30 of 3rd period - Dominic Moore wins face-off versus Erik Haula in Oilers zone.
9:41 of 3rd period - Shot by Erik Haula.
9:41 of 3rd period - Shot Misses the Net.
9:43 of 3rd period - Shot by Tyler Toffoli.
9:43 of 3rd period - Shot Blocked by Brent Burns.
10:08 of 3rd period - Brad Marchand is hit by Dennis Seidenberg and loses puck.
10:30 of 3rd period - Icing by Eric Gryba.
10:31 of 3rd period - Sam Gagner wins face-off versus Aleksander Barkov in RedWings zone.
10:42 of 3rd period - Shot by Michael Grabner.
10:42 of 3rd period - Shot Misses the Net.
11:03 of 3rd period - Sam Gagner is hit by Ron Hainsey and loses puck.
11:26 of 3rd period - Shot by Sean Monahan.
11:26 of 3rd period - Shot Blocked by Marc Methot.
12:05 of 3rd period - Off-side.
12:06 of 3rd period - Ryan Getzlaf wins face-off versus Sam Gagner in neutral zone.
12:06 of 3rd period - Ryan Getzlaf is hit by Dennis Seidenberg.
12:14 of 3rd period - Shot by Ryan Getzlaf.
12:14 of 3rd period - Goal by Ryan Getzlaf - RedWings : 0 - Oilers : 3.
12:15 of 3rd period - Erik Haula wins face-off versus Ryan Getzlaf in neutral zone.
12:15 of 3rd period - Tyler Toffoli is hit by Brad Marchand and loses puck.
12:38 of 3rd period - Erik Haula is hit by Ron Hainsey and loses puck.
12:51 of 3rd period - Shot by Brad Marchand.
12:51 of 3rd period - Goal by Brad Marchand - RedWings : 0 - Oilers : 4.
12:52 of 3rd period - Aleksander Barkov wins face-off versus Sean Monahan in neutral zone.
13:05 of 3rd period - Shot by Aleksander Barkov.
13:05 of 3rd period - Shot Misses the Net.
13:07 of 3rd period - Shot by Brent Burns.
13:07 of 3rd period - Stopped by John Gibson without a rebound.
13:08 of 3rd period - Ryan Johansen wins face-off versus Sam Gagner in RedWings zone.
13:20 of 3rd period - Sam Gagner is hit by Brock McGinn.
13:26 of 3rd period - Shot by Loui Eriksson.
13:26 of 3rd period - Shot Misses the Net.
13:41 of 3rd period - Chad Ruhwedel is hit by Dennis Seidenberg and loses puck.
14:02 of 3rd period - Off-side.
14:03 of 3rd period - Ryan Getzlaf wins face-off versus Sean Monahan in neutral zone.
14:12 of 3rd period - Sean Monahan is hit by Michael Matheson and loses puck.
14:26 of 3rd period - Icing by Brent Burns.
14:27 of 3rd period - Ryan Getzlaf wins face-off versus Erik Haula in Oilers zone.
14:35 of 3rd period - Ryan Hartman is hit by Brent Burns.
14:45 of 3rd period - Shot by Erik Haula.
14:45 of 3rd period - Shot Misses the Net.
14:47 of 3rd period - Shot by Tyler Toffoli.
14:47 of 3rd period - Shot Blocked by Michael Matheson.
14:49 of 3rd period - Shot by Nick Jensen.
14:49 of 3rd period - Shot Misses the Net.
14:51 of 3rd period - Shot by Tyler Toffoli.
14:51 of 3rd period - Stopped by Martin Jones without a rebound.
14:52 of 3rd period - Aleksander Barkov wins face-off versus Sean Monahan in Oilers zone.
15:07 of 3rd period - Shot by Aleksander Barkov.
15:07 of 3rd period - Shot Misses the Net.
15:47 of 3rd period - Shot by Jannik Hansen.
15:47 of 3rd period - Stopped by John Gibson with a rebound.
15:49 of 3rd period - Shot by Jannik Hansen.
15:49 of 3rd period - Stopped by John Gibson without a rebound.
15:50 of 3rd period - Dominic Moore wins face-off versus Loui Eriksson in RedWings zone.
16:07 of 3rd period - Shot by Brad Marchand.
16:07 of 3rd period - Stopped by John Gibson without a rebound.
16:08 of 3rd period - Erik Haula wins face-off versus Ryan Johansen in RedWings zone.
16:10 of 3rd period - Tyler Toffoli is hit by Ryan Johansen and loses puck.
16:17 of 3rd period - Shot by Nick Jensen.
16:17 of 3rd period - Shot Blocked by Marc Methot.
17:21 of 3rd period - Shot by Jonathan Drouin.
17:21 of 3rd period - Shot Misses the Net.
17:48 of 3rd period - Icing by Brent Burns.
17:49 of 3rd period - Ryan Getzlaf wins face-off versus Erik Haula in Oilers zone.
18:25 of 3rd period - Icing by Paul Martin.
18:26 of 3rd period - Aleksander Barkov wins face-off versus Erik Haula in RedWings zone.
18:27 of 3rd period - Shot by Michael Grabner.
18:27 of 3rd period - Stopped by John Gibson with a rebound.
18:29 of 3rd period - Shot by Aleksander Barkov.
18:29 of 3rd period - Goal by Aleksander Barkov - RedWings : 0 - Oilers : 5.
18:30 of 3rd period - Aleksander Barkov wins face-off versus Sean Monahan in neutral zone.
18:38 of 3rd period - Shot by Reilly Smith.
18:38 of 3rd period - Shot Misses the Net.
18:54 of 3rd period - Shot by Michael Grabner.
18:54 of 3rd period - Shot Misses the Net.
18:58 of 3rd period - Shot by Reilly Smith.
18:58 of 3rd period - Stopped by John Gibson without a rebound.
18:58 of 3rd period - Minor Penalty to John Gibson for Slashing.
18:59 of 3rd period - Ryan Getzlaf wins face-off versus Erik Haula in RedWings zone.
19:37 of 3rd period - Brent Burns is hit by Erik Haula.
Goals for this period are 0 for RedWings vs 3 for Oilers.
Shots for this period are 7 for RedWings vs 11 for Oilers.